Map: Tokamak LE

Players

Solar

  • Race: Zerg Zerg
  • Spawn Location: 7:00

Cure - Winner!

  • Race: Terran Terran
  • Spawn Location: 1:00

Event: Esports World Cup 2025

VOD

Have the link to the VOD?

Description

Time

  • Played on: July 25, 2025, 10:14 a.m.
  • Length: 14:05

All games in this series

Show
View Real Time Build Order
Export as new Build Order

Solar Zerg 

Build Orders: Hatch First 

Get SALT Encoding   

  12  0:00  Drone  
  13  0:07  Drone  
  14  0:15  Drone, Extractor  
  15  0:21  Overlord  
  15  0:40  Drone  
  16  0:45  Hatchery  
  16  0:48  Drone  
  16  0:52  Drone  
  16  0:56  Drone  
  18  1:06  Extractor  
  18  1:11  Spawning Pool  
  16  1:14  Drone  
  16  1:17  Drone  
  18  1:26  Drone  
  19  1:37  Drone  
  20  1:48  Drone  
  21  1:57  Queen x2  
  21  1:58  Zergling x4  
  27  2:08  Drone  
  28  2:12  Metabolic Boost  
  28  2:13  Overlord  
  28  2:27  Hatchery  
  26  2:30  Drone  
  26  2:32  Drone  
  26  2:36  Spore Crawler  
  27  2:38  Drone  
  27  2:40  Drone  
  27  2:43  Overlord  
  30  2:49  Queen  
  32  2:53  Drone  
  32  2:55  Drone  
  34  2:58  Drone  
  35  3:07  Overlord  
  35  3:10  Drone x4  
  39  3:17  Drone  
  39  3:18  Drone x2  
  42  3:22  Drone  
  42  3:25  Overlord  
  43  3:27  Zergling x2  
  43  3:29  Queen  
  46  3:38  Zergling x2  
  46  3:39  Zergling x2, Queen  
  50  3:42  Drone x2  
  50  3:47  Queen  
  55  3:50  Drone  
  55  3:54  Overlord  
  55  3:56  Drone x2  
  55  3:57  Drone  
  55  4:00  Drone  
  55  4:01  Drone  
  60  4:08  Drone  
  61  4:13  Drone x2  
  61  4:15  Queen  
  65  4:20  Zergling x2, Overlord  
  65  4:23  Queen  
  65  4:24  Lair  
  68  4:25  Drone  
  68  4:29  Zergling x2  
  68  4:31  Roach Warren  
  69  4:33  Spore Crawler  
  69  4:34  Spore Crawler  
  69  4:37  Drone  
  68  4:39  Extractor  
  68  4:41  Drone x4  
  68  4:43  Overlord  
  68  4:45  Spore Crawler  
  70  4:46  Drone  
  70  4:48  Drone x2  
  70  4:49  Drone  
  70  4:51  Drone  
  75  4:54  Drone x2  
  75  4:56  Drone  
  77  5:01  Drone x3  
  77  5:04  Overlord  
  77  5:05  Drone  
  81  5:09  Hatchery  
  78  5:15  Drone  
  78  5:17  Drone x4  
  78  5:21  Extractor  
  82  5:22  Extractor  
  82  5:26  Evolution Chamber x2  
  82  5:27  Overseer, Infestation Pit  
  78  5:29  Drone  
  78  5:30  Drone  
  78  5:31  Drone x2  
  78  5:32  Drone, Glial Reconstitution  
  78  5:33  Drone, Extractor  
  83  5:36  Zergling x2  
  83  5:37  Zergling x2  
  83  5:39  Zergling x2  
  83  5:42  Zergling x4  
  85  5:47  Drone  
  82  5:53  Drone x6  
  86  5:58  Drone  
  86  6:02  Drone x3  
  86  6:03  Overlord  
  84  6:06  Drone  
  84  6:07  Drone  
  84  6:08  Drone  
  84  6:10  Drone  
  86  6:13  Drone  
  86  6:16  Extractor  
  88  6:18  Roach  
  88  6:20  Hive  
  88  6:21  Drone  
  88  6:22  Drone  
  90  6:28  Zerg Ground Armor Level 1  
  90  6:29  Zerg Melee Weapons Level 1  
  90  6:31  Drone x3  
  90  6:32  Drone x2  
  95  6:37  Overlord x2  
  95  6:39  Drone  
  96  6:41  Roach x2  
  96  6:44  Drone x2  
  96  6:46  Baneling Nest  
  101  6:48  Drone, Extractor  
  101  6:51  Drone, Roach  
  101  6:52  Overlord  
  104  6:55  Overlord  
  104  6:56  Drone x2  
  104  6:57  Drone  
  104  7:00  Drone  
  107  7:03  Roach x3  
  107  7:06  Roach x2  
  107  7:07  Roach  
  119  7:10  Drone x2  
  119  7:11  Spore Crawler  
  119  7:12  Roach  
  122  7:17  Roach  
  122  7:18  Roach x2  
  122  7:19  Overlord x2  
  122  7:21  Drone  
  129  7:22  Ravager  
  129  7:23  Ravager x2  
  129  7:27  Roach x2  
  129  7:28  Overlord  
  136  7:30  Overlord  
  136  7:34  Overlord  
  136  7:41  Roach x8  
  136  7:43  Roach x2  
  132  7:54  Queen  
  132  7:56  Viper x2  
  138  7:58  Drone x3  
  138  7:59  Drone x3  
  138  8:00  Overlord  
  138  8:03  Zergling x10  
  148  8:10  Zergling x4, Centrifugal Hooks  
  150  8:15  Overlord  
  150  8:16  Zergling x2  
  150  8:18  Ravager x2  
  150  8:19  Drone  
  154  8:25  Zergling x16  
  154  8:26  Zergling x10  
  167  8:30  Extractor  
  167  8:32  Adrenal Glands  
  166  8:34  Ultralisk Cavern  
  165  8:41  Zergling x2  
  165  8:42  Zergling x10  
  165  8:46  Baneling x11  
  171  8:49  Overlord, Hatchery  
  170  8:56  Zerg Ground Armor Level 2  
  170  8:58  Zergling x18  
  178  9:03  Zergling x8  
  178  9:08  Zergling x2  
  178  9:09  Zergling x4  
  184  9:11  Ravager  
  184  9:14  Zergling x8  
  184  9:15  Overlord  
  188  9:18  Drone  
  182  9:27  Zergling x2, Ultralisk x2  
  182  9:28  Zergling x8  
  182  9:29  Baneling x2  
  182  9:35  Zergling x12  
  182  9:46  Zerg Melee Weapons Level 2  
  182  9:49  Queen  
  182  9:51  Ultralisk  
  182  9:52  Zergling x8, Ultralisk  
  200  9:53  Chitinous Plating  
  200  10:01  Baneling x4  
  171  10:15  Zergling x10, Hatchery  
  171  10:16  Zergling x18  
  178  10:22  Ultralisk  
  178  10:25  Drone x3  
  178  10:29  Ultralisk  
  178  10:33  Zergling x6  
  167  10:44  Infestor x2  
  167  10:48  Ravager  
  172  10:53  Drone x6  
  178  11:01  Baneling x15  
  178  11:04  Zergling x10  
  183  11:09  Hatchery  
  183  11:10  Zergling x14  
  189  11:12  Anabolic Synthesis  
  189  11:13  Drone x2  
  190  11:19  Zerg Ground Armor Level 3  
  190  11:26  Zergling x12  
  190  11:31  Burrow  
  195  11:34  Hydralisk Den  
  194  11:40  Overseer  
  194  11:41  Drone  
  194  11:43  Drone  
  194  11:45  Drone x2  
  194  11:46  Zergling x2  
  199  11:49  Hatchery  
  193  11:58  Zergling x32  
  188  12:02  Zerg Missile Weapons Level 1  
  188  12:05  Ultralisk  
  186  12:14  Ultralisk  
  186  12:15  Zergling x10  
  185  12:20  Grooved Spines  
  185  12:21  Zergling x8  
  189  12:24  Zergling x6  
  189  12:27  Baneling  
  188  12:31  Zergling x8  
  187  12:44  Hydralisk x6  
  192  12:53  Zergling x4  
  192  12:54  Zergling x16  
  192  12:57  Baneling  
  192  12:58  Baneling x4  
  173  13:07  Hydralisk x5  
  169  13:13  Zergling x2, Ultralisk x2  
  169  13:16  Infestor x2  
  171  13:20  Zergling x2, Overseer x2  
  171  13:25  Zergling x8  
  170  13:29  Hydralisk  
  143  13:36  Zergling x2  
  143  13:42  Zergling x4  
  130  13:54  Hatchery  
Show
View Real Time Build Order
Export as new Build Order

Cure Terran - Winner!

Build Orders: Reaper Expand, Hellion Banshee 

Get SALT Encoding   

  12  0:00  SCV  
  13  0:12  SCV  
  14  0:17  Supply Depot  
  14  0:24  SCV  
  15  0:38  SCV  
  15  0:39  Barracks  
  16  0:42  Refinery  
  16  0:50  SCV  
  17  1:02  SCV  
  18  1:14  SCV  
  19  1:25  Reaper  
  19  1:27  Orbital Command  
  20  1:37  Command Center  
  20  1:46  Supply Depot  
  20  1:52  SCV  
  21  1:57  Marine  
  22  2:04  SCV  
  23  2:09  Factory  
  23  2:16  SCV  
  25  2:28  SCV, Barracks Reactor  
  25  2:38  Command Center  
  25  2:41  SCV  
  26  2:51  Orbital Command  
  26  2:53  SCV  
  26  2:58  Starport  
  27  3:05  SCV  
  28  3:08  Hellion  
  28  3:09  Hellion  
  28  3:12  Refinery  
  32  3:16  SCV  
  32  3:17  SCV  
  32  3:18  Barracks Tech Lab  
  34  3:28  SCV  
  34  3:29  SCV  
  36  3:35  Hellion x2  
  36  3:40  SCV  
  40  3:42  SCV  
  40  3:45  Banshee  
  44  3:48  Marine  
  44  3:51  Orbital Command  
  44  3:53  SCV  
  44  3:54  SCV  
  47  3:59  Cloaking Field  
  47  4:02  Supply Depot  
  47  4:04  Hellion x2  
  47  4:08  SCV x2  
  53  4:10  Barracks Tech Lab  
  53  4:14  Orbital Command  
  53  4:20  SCV x2  
  55  4:25  Supply Depot  
  55  4:28  Banshee  
  58  4:32  SCV x2  
  58  4:36  Barracks  
  58  4:37  Factory Reactor, Marine  
  61  4:39  Barracks  
  61  4:41  SCV  
  61  4:43  Refinery x2  
  61  4:45  SCV x2  
  64  4:51  Stimpack  
  64  4:53  Engineering Bay, SCV  
  64  4:55  Marine  
  64  4:57  SCV  
  64  4:58  SCV  
  68  5:04  Supply Depot  
  68  5:05  SCV  
  69  5:10  SCV x2  
  69  5:13  Marine  
  72  5:17  SCV  
  73  5:22  SCV x2  
  73  5:24  Starport Reactor, Terran Infantry Weapons Level 1  
  73  5:25  Engineering Bay  
  73  5:26  Supply Depot  
  75  5:29  SCV  
  75  5:33  Barracks  
  75  5:34  Barracks, SCV x2  
  78  5:37  Marine x2  
  78  5:38  Marine x2  
  78  5:41  Marine, SCV  
  84  5:46  SCV x2  
  84  5:48  Siege Tank  
  83  5:53  SCV  
  83  5:55  Marine x2  
  86  5:58  SCV x2  
  86  5:59  Marine x2  
  86  6:00  Marine  
  86  6:02  Supply Depot x2  
  86  6:03  Supply Depot  
  85  6:07  Terran Infantry Armor Level 1  
  85  6:08  SCV  
  85  6:10  SCV x2  
  88  6:13  Marine x2, Medivac  
  88  6:15  Refinery  
  88  6:18  Supply Depot  
  92  6:21  Marine  
  92  6:23  Marine x2, Medivac  
  92  6:24  Barracks Reactor  
  92  6:25  Barracks Reactor  
  97  6:28  SCV x3  
  97  6:31  Marine x2  
  102  6:33  Combat Shield, Armory  
  102  6:40  Supply Depot  
  102  6:41  Supply Depot x2  
  102  6:42  Marine x3  
  102  6:46  Siege Tank  
  108  6:49  Marine x2  
  108  6:52  Medivac  
  108  6:53  Medivac  
  114  7:00  Marine x2  
  116  7:02  Marine x5  
  116  7:04  Command Center  
  116  7:06  Supply Depot  
  123  7:09  Supply Depot  
  123  7:13  Marine x2  
  126  7:18  Marine x2  
  126  7:20  Barracks  
  126  7:22  Barracks x2  
  125  7:23  SCV x3  
  125  7:27  Marine x5  
  133  7:31  Marine x2  
  133  7:36  Marine x2  
  123  7:44  Marine  
  123  7:45  Marine x2  
  123  7:48  Terran Infantry Weapons Level 2  
  123  7:49  Marine x2  
  128  7:54  Marine x2  
  126  8:02  Marine  
  126  8:03  SCV x3  
  129  8:07  Marauder, Marine x3  
  129  8:09  Widow Mine x2, Barracks Tech Lab, Medivac x2  
  129  8:10  Terran Infantry Armor Level 2  
  129  8:11  Marine x2  
  129  8:12  Refinery, Terran Vehicle And Ship Armor Level 1  
  144  8:19  Barracks Tech Lab x2  
  144  8:20  Marine  
  144  8:21  Marauder  
  144  8:24  Marine x3  
  144  8:25  Supply Depot  
  150  8:27  Supply Depot  
  150  8:28  Marine  
  150  8:29  Marine  
  150  8:31  Supply Depot  
  150  8:33  Marauder, Marine  
  150  8:34  Widow Mine x2  
  159  8:38  Marine  
  159  8:40  Planetary Fortress  
  160  8:42  Marauder  
  160  8:43  Marine x4  
  160  8:44  Marauder, Medivac  
  160  8:46  Marauder  
  160  8:48  Marine  
  173  8:51  Marine  
  173  8:54  Marauder  
  176  8:56  Marine  
  176  9:01  Marine x3  
  176  9:02  Marauder, Widow Mine x2  
  186  9:04  Marauder  
  186  9:05  Marauder  
  186  9:08  Marauder, Marine  
  186  9:09  Marine  
  194  9:14  Marine  
  194  9:16  Marauder, Medivac  
  193  9:19  Marine x3  
  193  9:23  Marauder  
  194  9:24  Marine  
  194  9:25  Marine  
  194  9:26  Marauder, Marine  
  194  9:30  Marauder  
  185  9:32  Marine  
  185  9:36  Widow Mine x2, Marine x2, Medivac  
  185  9:37  Marauder, Marine  
  188  9:42  Marine  
  188  9:43  Marine  
  188  9:46  Medivac  
  188  9:47  Marauder, Marine x2  
  188  9:49  Marine  
  188  9:50  Marine  
  194  9:53  SCV x2  
  194  9:54  Marine x2, SCV x2  
  200  10:02  Command Center  
  200  10:06  Medivac  
  191  10:20  Marauder x2, Marine x8  
  191  10:21  Marauder  
  192  10:26  Medivac  
  166  10:37  Marine x2  
  166  10:38  Marauder x2, Marine x4  
  166  10:42  Marauder x3  
  166  10:46  Terran Infantry Armor Level 3, Terran Infantry Weapons Level 3  
  166  10:55  Marine x4  
  166  10:56  Marine, Widow Mine x2  
  175  11:00  Marauder x2  
  175  11:03  Marauder, Liberator  
  175  11:04  Liberator  
  185  11:06  Marauder, Marine x2  
  189  11:11  Concussive Shells  
  189  11:13  Marine x3  
  189  11:18  Widow Mine x2  
  196  11:23  Sensor Tower  
  196  11:29  Marauder x2  
  196  11:31  Fusion Core, Refinery  
  196  11:32  Starport  
  200  11:33  Refinery  
  200  11:34  Planetary Fortress  
  200  11:39  Command Center  
  200  11:53  Marine  
  197  11:59  Marauder, Marine x4, Widow Mine x2  
  197  12:00  Marauder x4, Marine  
  156  12:08  SCV x2  
  156  12:09  SCV x2  
  156  12:11  Marine  
  156  12:15  Liberator x2  
  158  12:16  SCV  
  158  12:17  Marine x2  
  158  12:20  SCV x2  
  158  12:21  Marauder x4, SCV x2  
  176  12:27  Marauder, Marine x3  
  176  12:29  Marine  
  183  12:30  Widow Mine x2  
  183  12:33  SCV x3  
  188  12:39  Marine x2  
  188  12:42  Marauder x2  
  188  12:43  Marauder  
  195  12:51  Marauder, Marine x4  
  187  12:52  Marauder  
  187  12:57  Marine x2  
  187  13:03  Marine  
  187  13:04  Marauder x2  
  186  13:08  Marine x2  
  186  13:09  Marine x2  
  182  13:13  Marauder x2  
  182  13:15  Marine x2  
  182  13:18  Widow Mine x2, Medivac x2  
  169  13:22  Marauder  
  169  13:25  Marauder, Marine  
  169  13:26  Marine x2  
  171  13:27  Marine  
  171  13:30  Marine  
  171  13:33  Marine x2  
  158  13:34  Marauder x2  
  158  13:39  Starport Reactor  
  159  13:43  Marauder x2  
  159  13:44  Marine x2  
  159  13:45  Marine  
Tags
 
Add a new tag
Caveats
  • Supply blocks, unpowered buildings, or Contaminate may cause inaccurate times.
  • Supply counts are checked every 10 seconds.